 Dungeon Crawl Stone Soup version 0.29.1-2-gbd0b4ee654 (webtiles) character file.

Game seed: 12145295924906766643

5121 DocClef the Severer (level 10, -5/141 HPs)
             Began as a Minotaur Fighter on Nov 10, 2022.
             Was a Priest of Okawaru.
             Slain by a two-headed ogre
             ... wielding a +0 dire flail
              (13 damage)
             ... on level 9 of the Dungeon.
             The game lasted 00:11:02 (7277 turns).

DocClef the Severer (Minotaur Fighter)              Turns: 7277, Time: 00:11:02

Health: -5/141     AC: 25    Str: 24    XL:     10   Next: 32%
Magic:  8/9        EV:  2    Int:  5    God:    Okawaru [***...]
Gold:   457        SH:  4    Dex: 11    Spells: 9/9 levels left

rFire   + . .      SeeInvis .   a - +1 war axe
rCold   + . .      Faith    .   c - +0 buckler
rNeg    . . .      Spirit   .   (body armour currently unavailable)
rPois   +          Reflect  .   (helmet currently unavailable)
rElec   .          Harm     .   (cloak currently unavailable)
rCorr   .          Rampage  .   (gloves currently unavailable)
Will    .....      NoTele   +   (boots currently unavailable)
Stlth   +.........              j - amulet of regeneration
HPRegen 1.13/turn               D - ring of protection from fire
MPRegen 0.11/turn               N - ring of protection from cold

@: tree-form, marked
A: stationary, stasis, torment immunity, boosted hp, (horns 2), (retaliatory
headbutt)
a: Renounce Religion, Heroism


You were on level 9 of the Dungeon.
You worshipped Okawaru.
Okawaru was most pleased with you.
You were a tree.
You visited 2 branches of the dungeon, and saw 10 of its levels.

You collected 667 gold pieces.
You spent 210 gold pieces at shops.

Inventory:

Hand Weapons
 a - a +1 war axe (weapon)
Missiles
 F - 2 throwing nets (quivered)
Armour
 b - a +0 scale mail
 c - a +0 buckler (worn)
 q - a +0 pair of boots (melded)
 C - a +0 pair of gloves (melded)
 K - a +0 troll leather armour (melded)
 L - +0 steam dragon scales
 P - a +0 cloak (melded)
Jewellery
 j - an amulet of regeneration (around neck)
 x - a ring of flight
 D - a ring of protection from fire (left branch)
 J - a ring of protection from fire
 N - a ring of protection from cold (right branch)
Wands
 t - a wand of digging (9)
 y - a wand of quicksilver (12)
 M - a wand of paralysis (5)
 O - a wand of flame (14)
 R - a wand of polymorph (6)
Scrolls
 e - 2 scrolls of enchant weapon
 g - 7 scrolls of identify
 l - a scroll of poison
 m - 4 scrolls of fear {unknown}
 n - 2 scrolls of summoning {unknown}
 p - a scroll of immolation {unknown}
 r - 2 scrolls of acquirement {unknown}
 s - 2 scrolls of magic mapping {unknown}
 u - a scroll of silence {unknown}
 z - a scroll of enchant armour {unknown}
 B - a scroll of butterflies {unknown}
 E - 2 scrolls of teleportation {unknown}
 Q - a scroll of torment {unknown}
Potions
 d - 3 potions of might
 f - 3 potions of curing
 h - a potion of experience {unknown}
 i - 5 potions of mutation
 k - 2 potions of lignification
 o - a potion of resistance
 v - a potion of flight {unknown}
 w - a potion of berserk rage {unknown}
 A - a potion of brilliance {unknown}
 G - a potion of degeneration
 H - a potion of attraction
 I - a potion of ambrosia {unknown}


   Skills:
 + Level 10.5 Fighting
 + Level 15.3 Axes
 - Level 3.6 Armour
 - Level 3.6 Shields


You had 9 spell levels left.
You didn't know any spells.
Your spell library contained the following spells:

 Spells                   Type           Power      Damage    Failure   Level
 Apportation              Tloc           0%         N/A       56%         1
 Scorch                   Fire           0%         2d5       71%         2
 Dazzling Flash           Conj/Hex       0%         N/A       91%         3
 Gell's Gravitas          Tloc           0%         N/A       91%         3
 Lesser Beckoning         Tloc           0%         N/A       91%         3
 Ozocubu's Armour         Ice            0%         N/A       91%         3
 Teleport Other           Tloc           0%         N/A       91%         3
 Flame Wave               Conj/Fire      0%         2d4       100%        4
 Hailstorm                Conj/Ice       0%         3d3       100%        4
 Ice Form                 Ice/Tmut       0%         N/A       100%        4
 Iskenderun's Mystic Bla  Conj/Tloc      0%         2d3       100%        4
 Alistair's Intoxication  Tmut/Pois      0%         N/A       100%        5
 Metabolic Englaciation   Hex/Ice        0%         N/A       100%        5
 Starburst                Conj/Fire      0%         6d3       100%        6
 Simulacrum               Ice/Necr       Unusable   N/A       N/A         6
 Summon Cactus Giant      Summ           Unusable   N/A       N/A         6

Dungeon Overview and Level Annotations

Branches:
Dungeon (8/15)             Temple (1/1) D:6
   Lair: D:8-11

Altars:
Ashenzari
Cheibriados
Elyvilon
Fedhas
Gozag
Kikubaaqudgha
Nemelex Xobeh
Okawaru
Trog
Uskayaw
Wu Jian
Xom
Yredelemnul
Zin
The Shining One

Shops:
D:2 =   D:4 =**[(   D:6 !


Innate Abilities, Weirdness & Mutations

You are a tree.
Your roots penetrate the ground, keeping you stationary.
You cannot be teleported.
You are immune to unholy pain and torment.
Your maximum health is greatly increased.
Your equipment is partially melded.
((You have a pair of horns on your head.))
((You reflexively headbutt those who attack you in melee.))


Message History

The centaur warrior kicks you but does no damage.
You slash the centaur warrior! You headbutt the centaur warrior.
The centaur warrior is severely wounded.
The centaur warrior is poisoned.
The centaur warrior hits you!
* * * LOW HITPOINT WARNING * * *
You block the centaur warrior's attack.
Unknown command.
You barely miss the centaur warrior. You headbutt the centaur warrior!
You kill the centaur warrior!
Okawaru is honoured by your kill.
The two-headed ogre is poisoned.
Your base Axes skill increases to level 15!
Unknown command.
You hit the wight.
The wight is lightly damaged.
You slash the two-headed ogre!
You feel like a meek peon again.
The centaur warrior is engulfed in poison gas.
The centaur warrior looks even sicker.
The two-headed ogre is engulfed in poison gas.
The two-headed ogre looks even sicker.
The two-headed ogre hits you with a +0 dire flail!
* * * LOW HITPOINT WARNING * * *
The two-headed ogre barely misses you.
It was a potion of lignification.
You turn into a tree.
Your +0 cloak melds into your body.
Your +0 pair of gloves melds into your body.
Your +0 pair of boots melds into your body.
Your +0 troll leather armour melds into your body.
Your roots penetrate the ground.
A two-headed ogre comes into view.
It is wielding two +0 giant spiked clubs.
You slash the centaur warrior!
The centaur warrior is moderately wounded.
You barely miss the two-headed ogre.
The centaur warrior hits you but does no damage.
The centaur warrior kicks you but does no damage.
The two-headed ogre is engulfed in poison gas.
The two-headed ogre looks even sicker.
You block the two-headed ogre's attack.
The two-headed ogre hits you with a +0 giant club!
You die...

#....# #☼§☼§############
#§☼§§☼§§.........
##########§☼○§§§§##'#####.
..§§§§§§☼§☼○§§§§§'......+.
..§§§§§§§§§☼§§☼§§##...[.#.
..§§§§§○☼§§○§§☼§§.#.....#.
..§§§§§§§§)○§☼☼§§.#.....#.
..§§§§§§O♣§○☼§§§§.#.....#.
..§☼§§§zc○§§§§§§§.#.....#.
..#####○#####○§☼§.#######.
. §§☼. #.§§§.........
#§§§... #...§.....))..
#§○☼###.. #.........)...
#§§# #l.#........))).. +O§
..+............. #.
.#.............


You could see a centaur warrior (very poisoned), 2 two-headed ogres and a wight.

Vanquished Creatures
  A centaur warrior (D:9)
  A two-headed ogre (D:8)
  A troll (D:6)
  A wyvern (D:9)
  Grum (D:9)
  2 steam dragons (D:7)
  A water moccasin (D:7)
  4 sky beasts
  2 ice beasts
  2 black bears
  3 ogres
  2 centaurs
  2 wolves (D:9)
  A phantom (D:5)
  4 kobold brigands
  A bullfrog (D:8)
  A necrophage (D:7)
  6 scorpions
  Crazy Yiuf (D:7)
  3 hounds
  3 jellies
  3 orc priests
  Jessica (D:2)
  2 iguanas
  Natasha (thrice) (D:2)
  Terence (D:2)
  A scorpion zombie (D:4)
  6 orc wizards
  A hound zombie (D:4)
  3 gnolls (D:5)
  11 adders
  A shadow imp (D:7)
  4 white imps
  A worm (D:2)
  6 dart slugs
  24 orcs
  18 ball pythons
  An endoplasm (D:4)
  4 goblins
  12 hobgoblins
  16 kobolds
  4 quokkas
  6 bats
  A frilled lizard (D:3)
  2 rats
175 creatures vanquished.

Notes
Turn   | Place    | Note
-------+----------+-------------------------------------------
     0 | D:1      | DocClef the Minotaur Fighter began the quest for the Orb.
     0 | D:1      | Reached XP level 1. HP: 19/19 MP: 0/0
   224 | D:1      | Reached XP level 2. HP: 27/27 MP: 1/1
   328 | D:1      | Reached skill level 3 in Axes
   485 | D:1      | Found a faded altar of an unknown god.
   768 | D:2      | Found Xyceme's Jewellery Shoppe.
   777 | D:2      | Reached XP level 3. HP: 32/34 MP: 2/2
   818 | D:2      | Noticed Natasha
   825 | D:2      | Killed Natasha
   826 | D:2      | Reached skill level 4 in Axes
   865 | D:2      | Noticed Natasha
   870 | D:2      | Killed Natasha
   871 | D:2      | Reached XP level 4. HP: 28/41 MP: 3/3
  1056 | D:2      | Noticed Jessica
  1062 | D:2      | Killed Jessica
  1063 | D:2      | Reached skill level 5 in Axes
  1189 | D:2      | Noticed Natasha
  1197 | D:2      | Killed Natasha
  1198 | D:2      | Reached skill level 5 in Fighting
  1198 | D:2      | Reached XP level 5. HP: 34/48 MP: 4/4
  1436 | D:2      | Noticed Terence
  1443 | D:2      | Killed Terence
  1488 | D:2      | Reached skill level 6 in Axes
  1687 | D:3      | Found an ornate altar of the Wu Jian Council.
  1745 | D:3      | Reached XP level 6. HP: 26/56 MP: 5/5
  2542 | D:4      | Found Quagyas's General Store.
  2573 | D:4      | Found a white marble altar of Elyvilon.
  2683 | D:4      | Found Bamiodoe's Antique Armour Boutique.
  2783 | D:4      | Found a snail-covered altar of Cheibriados.
  2816 | D:4      | Found a hide-covered altar of Uskayaw.
  2826 | D:4      | Reached skill level 7 in Axes
  2837 | D:4      | Found Heof Keu's Assorted Antiques.
  2885 | D:4      | Found Baroughy's Jewellery Boutique.
  3261 | D:4      | Reached XP level 7. HP: 51/62 MP: 6/6
  3447 | D:4      | Reached skill level 8 in Axes
  3496 | D:4      | Found Ajen's Weapon Emporium.
  3672 | D:4      | Found a basalt altar of Yredelemnul.
  4098 | D:5      | Entered Level 5 of the Dungeon
  4135 | D:5      | Reached skill level 9 in Axes
  4246 | D:5      | Found a glowing silver altar of Zin.
  4392 | D:5      | Reached XP level 8. HP: 71/71 MP: 7/7
  4401 | D:5      | Reached skill level 10 in Axes
  4845 | D:6      | Found Rekigh's Distillery.
  4851 | D:6      | Bought a potion of curing for 42 gold pieces
  4851 | D:6      | Bought a potion of degeneration for 14 gold pieces
  4851 | D:6      | Bought a potion of mutation for 112 gold pieces
  4851 | D:6      | Bought a potion of attraction for 42 gold pieces
  4870 | D:6      | Found a blossoming altar of Fedhas.
  4928 | D:6      | Reached skill level 11 in Axes
  5143 | D:6      | Found a staircase to the Ecumenical Temple.
  5165 | Temple   | Entered the Ecumenical Temple
  5202 | Temple   | Became a worshipper of Warmaster Okawaru
  5261 | D:6      | Noticed a troll
  5270 | D:6      | Killed a troll
  5336 | D:6      | Reached skill level 12 in Axes
  5732 | D:7      | Reached * piety under Okawaru
  5733 | D:7      | Reached XP level 9. HP: 81/81 MP: 8/8
  5803 | D:7      | Found a runed translucent door.
  5804 | D:7      | Noticed Crazy Yiuf
  5928 | D:7      | Reached skill level 13 in Axes
  5950 | D:7      | Reached ** piety under Okawaru
  6346 | D:7      | Found an opulent altar of Gozag.
  6938 | D:7      | Killed Crazy Yiuf
  7046 | D:8      | Noticed a two-headed ogre
  7055 | D:8      | Killed a two-headed ogre
  7056 | D:8      | Reached skill level 14 in Axes
  7134 | D:8      | You fall into a shaft and drop 1 floor!
  7149 | D:9      | Reached XP level 10. HP: 80/93 MP: 6/9
  7188 | D:9      | Noticed Grum
  7192 | D:9      | Reached skill level 10 in Fighting
  7198 | D:9      | Reached *** piety under Okawaru
  7204 | D:9      | Killed Grum
  7262 | D:9      | Noticed a centaur warrior
  7267 | D:9      | Noticed a two-headed ogre
  7272 | D:9      | Noticed a centaur warrior
  7274 | D:9      | Killed a centaur warrior
  7275 | D:9      | Reached skill level 15 in Axes
  7275 | D:9      | HP: 4/94 [two-headed ogre/+0 dire flail (15)]
  7276 | D:9      | Noticed a two-headed ogre
  7277 | D:9      | Slain by a two-headed ogre

Illustrated notes

Levels and vault maps discovered:
D:1:      eino_arrival_cavern_a, layout_loops_ring,
          hellmonk_ecumenical_altar_prayer_group
D:2:      layout_rooms, serial_shops, shop, minmay_misc_feat_chi, uniq_terence,
          uniq_natasha, uniq_jessica
D:3:      minmay_spotlight, layout_loops_ring, nzn_wu_jian_council_hall
D:4:      layout_layer_cave, mainiacjoe_overflow_catwalk,
          eat_drink_and_be_merry_uskayaw, lemuel_zombie_altar_yredelemnul,
          elyvilon_altar_3, serial_shops, shop, nicolae_shop_crystal,
          nicolae_inconvenience_store, nicolae_take_the_stairs,
          nicolae_shop_hallway_plus, minmay_quadrilaterals
D:5:      layout_basic, mainiacjoe_overflow_alcove_1
D:6:      layout_gridville, fedhas_altar_fruit_tree,
          minmay_temple_entry_offerings, serial_shops, nicolae_shop_waterfront,
          kennysheep_generic_room_6
D:7:      layout_layer_cave, grunt_gozag_statues, hangedman_misty_isle,
          uniq_crazy_yiuf_cottage
D:8:      layout_gridville, minmay_overflow_temple_star_quad, uniq_maggie
D:9:      minmay_the_grid_net [minmay_the_grid_expand,
          minmay_the_grid_outer_circle, minmay_the_grid_square_x,
          minmay_the_grid_empty, minmay_the_grid_minigrid_large,
          minmay_the_grid_prize_trominoes], layout_irregular_city,
          grunt_qazlal_sundering, nicolae_dithmenos_the_darkroom, uniq_grum,
          uniq_maurice
Temple:   hellmonk_temple_of_storms

Skill      XL: |  1  2  3  4  5  6  7  8  9 10 |
---------------+-------------------------------+-----
Fighting       | 4 5 6 8 9 10 | 10.5
Axes           | 3 4 5 6 7 9 12 14 15 | 15.3
Armour         | |  3.6
Shields        | |  3.6

Action                   |  1- 3 |  4- 6 |  7- 9 | 10-12 || total
-------------------------+-------+-------+-------+-------++-------
Melee: War axe           |    44 |   142 |   270 |    28 ||   484
       Headbutt          |     4 |    22 |    50 |     9 ||    85
Invok: Heroism           |       |       |     1 |     1 ||     2
  Use: Scroll            |       |       |     1 |     2 ||     3
       Potion            |       |       |       |     1 ||     1
Armor: Scale mail        |    18 |    50 |    79 |       ||   147
       Troll leather arm |       |       |    39 |     9 ||    48
       Skin              |       |       |       |     2 ||     2
Dodge: Dodged            |    14 |    66 |   111 |    13 ||   204
Block: Buckler           |    11 |    40 |    44 |    10 ||   105
